 Dungeon Crawl Stone Soup version 0.27.1 (webtiles) character file.

Game seed: 6475373781889390224

168 Thatpatchoflichen the Chiller (level 5, -1/42 HPs)
             Began as a Draconian Ice Elementalist on Aug 21, 2021.
             Succumbed to a goblin's poison
             ... on level 3 of the Dungeon.
             The game lasted 00:14:54 (4712 turns).

Thatpatchoflichen the Chiller (DrIE)                Turns: 4712, Time: 00:14:55

Health: -1/42      AC:  5    Str: 10    XL:     5   Next: 23%
Magic:  9/9        EV: 12    Int: 17    God:
Gold:   128        SH:  0    Dex: 11    Spells: 3/10 levels left

rFire    . . .     SeeInvis .   p - +4 hand axe
rCold    . . .     Faith    .   (no shield)
rNeg     . . .     Spirit   .   (armour unavailable)
rPois    .         Reflect  .   (helmet restricted)
rElec    .         Harm     .   (no cloak)
rCorr    .         Rampage  .   (no gloves)
Will     .....                  (no boots)
Stlth    ++........             b - amulet of magic regeneration
HPRegen  0.14/turn              (no ring)
MPRegen  0.36/turn              (no ring)

@: lethally poisoned (-1 -> -15)
A: AC +5, unfitting armour, cold-blooded
a: no special abilities


You were on level 3 of the Dungeon.
You visited 1 branch of the dungeon, and saw 4 of its levels.

You collected 128 gold pieces.

Inventory:

Hand Weapons
 c - a +0 spear
 e - a +0 short sword of freezing
 p - a +4 hand axe (weapon)
Missiles
 i - 56 stones
 n - 8 boomerangs
 o - 20 arrows
Jewellery
 b - an amulet of magic regeneration (around neck)
Wands
 q - a wand of paralysis (4)
Scrolls
 a - 2 scrolls of fog {unknown}
 d - 2 scrolls of identify {unknown}
 k - a scroll of amnesia {unknown}
Potions
 f - 4 potions of curing {unknown}
 g - a potion of haste {unknown}
 h - a potion of lignification {unknown}
 j - a potion of heal wounds {unknown}
 l - a potion of mutation {unknown}
 m - a potion of degeneration {unknown}


   Skills:
 + Level 2.5 Fighting
 + Level 2.4 Dodging
 - Level 1.7 Stealth
 - Level 3.0 Spellcasting
 * Level 5.1 Ice Magic


You had 3 spell levels left.
You knew the following spells:

 Your Spells              Type           Power      Damage    Failure   Level
a - Freeze                Ice            76%        1d9       2%          1
b - Frozen Ramparts       Ice            38%        1d5       6%          3
c - Ozocubu's Armour      Ice            19%        N/A       6%          3

Your spell library contained the following spells:

 Spells                   Type           Power      Damage    Failure   Level
 Ensorcelled Hibernation  Hex/Ice        22%        N/A       10%         2
 Corona                   Hex            2%         N/A       17%         1
 Tukima's Dance           Hex            2%         N/A       45%         3
 Hailstorm                Conj/Ice       11%        3d5       52%         4


Dungeon Overview and Level Annotations

Branches:
Dungeon (4/15)
 Temple: D:4-7

Altars:
Okawaru
Yredelemnul

Annotations:
D:4 Robin


Innate Abilities, Weirdness & Mutations

Your plain brown scales are hard. (AC +5)
You cannot fit into any form of body armour.
You are cold-blooded and may be slowed by cold attacks.


Message History

You see here 18 sling bullets.
The ogre shouts!
You hear a shout! x2
Things that are here:
a +0 hand axe; a +0 leather armour; an orc corpse
There is a stone staircase leading up, spattered with blood here.
Robin roars a battlecry!
The goblins go into a battle-frenzy!
You hear a shout!
You hear an angry hiss.
Things that are here:
a +0 hand axe; a +0 leather armour; an orc corpse The goblin hits you with a +0 club.
There is a stone staircase leading up, spattered with blood here.
The goblin hits you but does no damage. x2
You climb upwards.
There is a stone staircase leading down here.
You slash the goblin!
You kill the goblin!
You hit the goblin.
You kill the goblin!
You see here a +0 dagger.
There is a stone staircase leading down here.
You climb downwards.
Level annotation: Robin The goblin hits you but does no damage.
You are poisoned.
Robin throws the goblin at you! The goblin closely misses you.
A ball python comes into view.
The hobgoblin closely misses you. The ogre barely misses you.
The goblin barely misses you.
There is a stone staircase leading up, spattered with blood here.
You feel sick.
The goblin hits you with a +2 dagger of venom.
You are more poisoned.
The goblin hits you with a +0 club. The hobgoblin barely misses you.
The ogre hits you with a +0 giant club!!
Ouch! That really hurt!
* * * LOW HITPOINT WARNING * * *
The goblin barely misses you.
You climb upwards.
You die...

#.....###### #.)...# #.....#....#
#...#.######
#.....#....###..........#
............##..........#
####........##..........#########
# #........##...................
# ###########..........#..#####.
# ##ggg............... #
#.@O......###'###.. # ##g)......#
#.# #.. #.#.###..###.###..
#.#......###_..+.#
#.######.###.###.# #.######.# #.#
#.# #........###'###.#
#######..........# #.##.#######


You could see an ogre, a hobgoblin (strong) and 3 goblins.

Vanquished Creatures
  An orc priest (D:2)
  2 orc wizards (D:2)
  2 adders
  A worm (D:3)
  2 dart slugs (D:2)
  6 orcs
  4 bats (D:1)
  7 endoplasms
  2 giant cockroaches (D:2)
  5 goblins
  5 hobgoblins
  3 quokkas
  5 ball pythons
  3 frilled lizards
  2 kobolds
  6 rats
56 creatures vanquished.

Notes
Turn   | Place    | Note
-------+----------+-------------------------------------------
     0 | D:1      | Thatpatchoflichen the Draconian Ice Elementalist began the
                  | quest for the Orb.
     0 | D:1      | Reached XP level 1. HP: 14/14 MP: 3/3
   474 | D:1      | Reached XP level 2. HP: 18/22 MP: 0/5
   616 | D:1      | Reached skill level 1 in Fighting
  1180 | D:1      | Found a faded altar of an unknown god.
  1618 | D:2      | Reached XP level 3. HP: 23/28 MP: 6/6
  2027 | D:2      | Found a basalt altar of Yredelemnul.
  2365 | D:3      | Found an iron altar of Okawaru.
  3006 | D:3      | Learned a level 3 spell: Frozen Ramparts
  3010 | D:3      | Learned a level 3 spell: Ozocubu's Armour
  3740 | D:2      | Reached XP level 4. HP: 19/36 MP: 3/8
  3905 | D:2      | Reached XP level 5. HP: 29/42 MP: 4/9
  4411 | D:3      | Reached skill level 5 in Ice Magic
  4695 | D:4      | Noticed an ogre
  4695 | D:4      | Noticed Robin
  4712 | D:3      | Succumbed to a goblin's poison

Illustrated notes

Levels and vault maps discovered:
D:1:      minmay_arrival_four_houses, layout_basic, basic_ecumenical_altar
D:2:      layout_basic, basic_altar, serial_bayou_pond_d
D:3:      layout_basic, lemuel_doored_altar, hex_large
D:4:      layout_rooms, ebering_dispersal_statue_hall, serial_bayou_lake_a,
          uniq_robin, uniq_pikel

Skill      XL: |  1  2  3  4  5 |
---------------+----------------+-----
Fighting       | 1 2 |  2.5
Dodging        | 2 |  2.4
Spellcasting   | 3 |  3.0
Ice Magic      | 5 |  5.1
Stealth        | |  1.7

Action                   |  1- 3 |  4- 6 || total
-------------------------+-------+-------++-------
Melee: Unarmed           |    16 |       ||    16
       Tailslap          |     6 |       ||     6
       Short sword       |    71 |    14 ||    85
       Spear             |     6 |       ||     6
       Hand axe          |       |    10 ||    10
 Cast: Freeze            |    20 |     4 ||    24
       Frozen Ramparts   |     1 |     3 ||     4
       Ozocubu's Armour  |       |     2 ||     2
 Stab: Sleeping          |     5 |     1 ||     6
Armor: Skin              |    27 |     6 ||    33
Dodge: Dodged            |    79 |    20 ||    99
